 Dungeon Crawl Stone Soup version 0.26-a0-540-g8a0c9464d7 (webtiles) character file.

Game seed: 14306687623352577529

138 BeastOfSaturn the Skirmisher (level 5, 0/42 HPs)
             Began as a Demonspawn Berserker on Aug 15, 2020.
             Was a Believer of Trog.
             Succumbed to an adder's poison
             ... on level 3 of the Dungeon.
             The game lasted 00:04:20 (2220 turns).

BeastOfSaturn the Skirmisher (Demonspawn Berserker) Turns: 2220, Time: 00:04:20

Health: 0/42       AC: 10    Str: 19    XL:     5   Next: 1%
Magic:  5/5        EV:  6    Int:  8    God:    Trog [**....]
Gold:   94         SH:  0    Dex: 12    Spells: 4/4 levels left

rFire    + . .     SeeInvis .   k - +2 whip (venom)
rCold    x . .     Faith    .   (no shield)
rNeg     . . .     Spirit   .   l - +0 plate armour (curse)
rPois    .         Reflect  .   (no helmet)
rElec    .         Harm     .   (no cloak)
rCorr    .                      (no gloves)
MR       .....                  (no boots)
Stlth    ..........             (no amulet)
HPRegen  0.14/turn              i - ring of fire
MPRegen  0.09/turn              (no ring)

@: lethally poisoned (0 -> -2)
A: claws 2
a: Berserk, Trog's Hand, Renounce Religion


You were on level 3 of the Dungeon.
You worshipped Trog.
Trog was pleased with you.
You visited 1 branch of the dungeon, and saw 3 of its levels.

You collected 94 gold pieces.

Inventory:

Hand Weapons
 a - a +0 falchion
 k - a +2 whip of venom (weapon)
Armour
 b - a +0 animal skin
 l - a cursed +0 plate armour (worn)
Jewellery
 i - a ring of fire (left claw)
 m - a +4 ring of protection {unknown}
Scrolls
 d - a scroll of fear {unknown}
 h - a scroll of magic mapping {unknown}
 j - a scroll of enchant weapon {unknown}
 n - a scroll of remove curse {unknown}
 o - a scroll of enchant armour {unknown}
 r - a scroll of identify {unknown}
Potions
 c - 2 potions of lignification {unknown}
 e - 4 potions of heal wounds {unknown}
 f - 2 potions of stabbing {unknown}
 g - a potion of might {unknown}
 p - a potion of flight {unknown}
 q - a potion of haste {unknown}


   Skills:
 * Level 4.0 Fighting
 - Level 3.6 Long Blades
 * Level 1.1 Maces & Flails
 + Level 2.0 Armour
 * Level 2.6 Dodging


You had 4 spell levels left.
You didn't know any spells.
Your spell library was empty.

Dungeon Overview and Level Annotations

Branches:
Dungeon (3/15)

Altars:
Dithmenos
Hepliaklqana
Okawaru
Ru
Vehumet


Innate Abilities, Weirdness & Mutations

You have very sharp fingernails.


Message History

* * * LOW HITPOINT WARNING * * *
The orc hits you but does no damage. The adder bites you.
* * * LOW HITPOINT WARNING * * *
You are more poisoned.
The adder poisons you!
You hit the adder.
The adder is poisoned.
The adder is lightly wounded.
You feel sick. The adder bites you but does no damage.
The orc barely misses you.
You whack the adder!
The adder looks as sick as possible!
The adder is almost dead.
You kill the adder!
Trog accepts your kill.
You have reached level 5!
The orc hits you with a +0 club.
* * * LOW HITPOINT WARNING * * *
You completely miss the orc. The orc hits you but does no damage.
You hit the orc.
The orc is poisoned.
The orc is moderately wounded.
You die...

.........#
#..................#
#.......... .......#
#.........# #......#
..........#.#......# .
##..........#......####..
#......[....#..)†........
#.#.......>.+..)@o.......
#.#.........#....†.......
.....##.....##...........
#....##.....##....########
#.........#.##..!........#
............##+#####.#.#..#
..###...###...............#
..+.'....##......###+###..#
..###....##......# #


You could see an orc (very poisoned).

Vanquished Creatures
  An orc priest (D:3)
  3 adders
  2 oozes (D:2)
  A worm (D:2)
  A dart slug (D:1)
  2 leopard geckos
  3 orcs (D:3)
  2 giant cockroaches (D:2)
  4 goblins
  9 hobgoblins
  4 jackals (D:2)
  4 kobolds
  2 quokkas (D:2)
  12 bats
  2 frilled lizards (D:2)
  10 rats
62 creatures vanquished.

Notes
Turn   | Place    | Note
-------+----------+-------------------------------------------
     0 | D:1      | BeastOfSaturn the Demonspawn Berserker began the quest for
                  | the Orb.
     0 | D:1      | Reached XP level 1. HP: 18/18 MP: 1/1
   178 | D:1      | Gained mutation: You have sharp fingernails. [demonic
                  | ancestry]
   178 | D:1      | Reached XP level 2. HP: 22/24 MP: 2/2
   815 | D:2      | Gained mutation: You have very sharp fingernails. [demonic
                  | ancestry]
   815 | D:2      | Reached XP level 3. HP: 16/29 MP: 3/3
   818 | D:2      | Reached ** piety under Trog
  1449 | D:2      | Found a sacrificial altar of Ru.
  1451 | D:2      | Found a radiant altar of Vehumet.
  1451 | D:2      | Found a shadowy altar of Dithmenos.
  1451 | D:2      | Found an iron altar of Okawaru.
  1848 | D:2      | Reached XP level 4. HP: 31/37 MP: 4/4
  2182 | D:3      | Found a hazy altar of Hepliaklqana.
  2207 | D:3      | Reached skill level 4 in Fighting
  2207 | D:3      | Reached skill level 1 in Maces & Flails
  2218 | D:3      | Reached XP level 5. HP: 5/42 MP: 5/5
  2218 | D:3      | HP: 1/42 [orc/+0 club (4)]
  2220 | D:3      | Succumbed to an adder's poison

Illustrated notes

Levels and vault maps discovered:
D:1:      dpeg_arrival_tiny_f, layout_basic
D:2:      minmay_razor_zed, layout_basic, grunt_temple_overflow_open,
          chequers_serial_rivers_micro_c, minmay_between
D:3:      layout_basic, lemuel_coloured_pillars_altar, cheibriados_altar_1,
          lemuel_doored_altar, uniq_ijyb

Skill      XL: |  1  2  3  4 |
---------------+-------------+-----
Dodging        | 2 |  2.6
Long Blades    | 3 |  3.6
Fighting       | 4 |  4.0
Maces & Flails | 1 |  1.1
Armour         | 2 |  2.0

Action                   |  1- 3 |  4- 6 || total
-------------------------+-------+-------++-------
Melee: Falchion          |    39 |       ||    39
       Whip              |    63 |    59 ||   122
 Stab: Sleeping          |     1 |       ||     1
Armor: Animal skin       |    29 |       ||    29
       Plate armour      |    27 |    58 ||    85
Dodge: Dodged            |    76 |    24 ||   100
       Rpst.: Falchion   |    10 |       ||    10

Table legend: (Time is in decaauts)
 A = Elapsed time spent in this place.
 B = Non-inter-level travel time spent in this place.
 C = Inter-level travel time spent in this place.
 D = Time resting spent in this place.
 E = Time spent auto-exploring this place.
 F = Levels seen in this place.
 G = Mean time per level.
                   A        B        C        D        E       F      G
               +--------+--------+--------+--------+--------+-----+--------+
         Total |   2235 |   2172 |     63 |      0 |   1837 |   3 |  745.0 |
       Dungeon |   2235 |   2172 |     63 |      0 |   1837 |   3 |  745.0 |
               +--------+--------+--------+--------+--------+-----+--------+

Top non-repeatable levels by time:
     D:2: 1461 daAuts
     D:1: 652 daAuts
     D:3: 121 daAuts
